 Dungeon Crawl Stone Soup version 0.25.1-2-g60ff931df9 (webtiles) character file.

Game seed: 5543648055988523004

3319 lepoulpe303 the Thaumaturge (level 9, -9/39 HPs)
             Began as a Spriggan Earth Elementalist on Oct 21, 2020.
             Was an Initiate of Gozag.
             Killed from afar by a steam dragon (16 damage)
             ... with a ball of steam
             ... on level 8 of the Dungeon.
             The game lasted 00:27:51 (8317 turns).

lepoulpe303 the Thaumaturge (SpEE)                  Turns: 8317, Time: 00:27:51

Health: -9/39      AC:  2    Str:  4    XL:     9   Next: 71%
Magic:  4/22       EV: 23    Int: 20    God:    Gozag
Gold:   633        SH:  0    Dex: 16    Spells: 5/25 levels left

rFire    x . .     SeeInvis +   b - +0 rapier
rCold    + . .     Gourm    .   (shield restricted)
rNeg     + . .     Faith    .   D - +0 robe of Gozag's Displeasure {rN+ Stlth+} (curse)
rPois    .         Spirit   .   (helmet restricted)
rElec    .         Reflect  .   A - scarf {+Inv}
rCorr    +         Harm     .   (gloves unavailable)
MR       +....                  (boots unavailable)
Stlth    +++++.....             (no amulet)
HPRegen  0.13/turn              C - ring of resist corrosion
MPRegen  0.18/turn              r - ring of ice {rC+, rF-}

@: shrouded, very quick
A: very small, unfitting armour, see invisible, herbivore, speed 3, slow
metabolism 2
a: Potion Petition, Call Merchant, Bribe Branch, Renounce Religion, Evoke
Invisibility


You were on level 8 of the Dungeon.
You worshipped Gozag.
Gozag was pleased with you.
You were not hungry.

You visited 1 branch of the dungeon, and saw 8 of its levels.

You collected 706 gold pieces.
You paid 73 gold pieces to Gozag.

Inventory:

Hand Weapons
 a - a +1 dagger of venom
 b - a +0 rapier (weapon)
 J - a +0 short sword
Missiles
 u - 35 poisoned darts (quivered)
 Q - 162 stones
Armour
 c - a +0 robe
 n - a +0 cloak
 A - a scarf of invisibility (worn)
 D - the cursed +0 robe of Gozag's Displeasure (worn) {rN+ Stlth+}
   (You found it on level 6 of the Dungeon)

   It protects you from negative energy.
   It makes you more stealthy.
   It has a curse placed upon it.
 K - a +1 cloak of preservation
 L - a scarf of harm
Jewellery
 r - a ring of ice (right hand) {rC+, rF-}
 x - an uncursed ring of ice {rC+, rF-}
 C - a ring of resist corrosion (left hand)
 F - an uncursed ring of flight
Wands
 v - a wand of paralysis (7)
 I - a wand of acid (6)
Scrolls
 f - 3 scrolls of amnesia
 i - 2 scrolls of identify
 k - a scroll of fog {unknown}
 t - 5 scrolls of teleportation
 w - 4 scrolls of remove curse
 y - 2 scrolls of immolation {!r}
 E - a scroll of summoning {unknown}
 H - a scroll of enchant weapon
Potions
 d - 2 potions of might
 g - a potion of haste {unknown}
 h - a potion of lignification {unknown}
 j - 3 potions of curing
 l - 2 potions of heal wounds
 m - 3 potions of ambrosia
 o - a potion of brilliance {unknown}
 p - 3 potions of berserk rage {!q}
 q - a potion of resistance {unknown}
 s - a potion of stabbing {unknown}
 z - a potion of invisibility {unknown}
 B - a potion of flight {unknown}
 G - a potion of magic {unknown}
Comestibles
 e - 6 rations


   Skills:
 + Level 4.7 Short Blades
 + Level 7.3 Dodging
 + Level 8.0 Stealth
 * Level 8.5 Spellcasting
 * Level 3.1 Charms
 - Level 1.3 Transmutations
 * Level 6.6 Earth Magic
 * Level 3.7 Poison Magic
 * Level 4.5 Evocations


You had 5 spell levels left.
You knew the following spells:

 Your Spells              Type           Power        Failure   Level  Hunger
a - Sandblast             Erth           #####.       1%          1    None
b - Mephitic Cloud        Conj/Pois/Air  ##......     14%         3    None
c - Petrify               Tmut/Erth      ###.....     16%         4    ###....
s - Shroud of Golubria    Chrm/Tloc      ##....       6%          2    None
w - Passwall              Tmut/Erth      ###.....     2%          2    None
x - Stone Arrow           Conj/Erth      ###...       6%          3    None
z - Lee's Rapid Deconstr  Erth           #####.....   14%         5    #####..

Your spell library contained the following spells:

 Spells                   Type           Power        Failure   Level  Hunger
 Infusion                 Chrm           ###.         2%          1    None
 Song of Slaying          Chrm           ###.....     3%          2    None
 Magic Dart               Conj           #...         9%          1    None
 Blink                    Tloc           N/A          12%         2    None
 Call Imp                 Summ           #.......     12%         2    None
 Slow                     Hex            #.......     12%         2    None
 Ozocubu's Armour         Chrm/Ice       ###.....     13%         3    None
 Spectral Weapon          Hex/Chrm       ##......     13%         3    None
 Conjure Flame            Conj/Fire      #.......     24%         3    None


Dungeon Overview and Level Annotations

Branches:
Dungeon (8/15)             Temple (0/1) D:6
   Lair: D:8-11

Altars:
Elyvilon
Gozag
Okawaru
Qazlal
Xom
Zin
The Shining One


Innate Abilities, Weirdness & Mutations

You are very small and have problems with some larger weapons.
You are too small for most types of armour.
You have supernaturally acute eyesight. (SInv)
You are a herbivore.
You cover ground extremely quickly.
You need to consume almost no food.


Message History

Okay, then.
Really walk into that cloud of steam?
Okay, then.
There are monsters nearby!
As you read the scroll labeled XOELEUF GEADAO, it crumbles to dust.
It is a scroll of enchant weapon.
Your +0 dagger of venom glows red for a moment.
The steam dragon completely misses you. The steam dragon barely misses you.
The steam dragon bites you but does no damage.
The steam dragon misses you.
You barely miss the steam dragon. The steam dragon barely misses you.
The steam dragon completely misses you.
You hit the steam dragon but do no damage.
The orc wizard points at you and mumbles some strange words.
The puff of flame misses you. The steam dragon misses you.
The steam dragon completely misses you. The steam dragon breathes steam at you.
The ball of steam hits you! The steam scalds you terribly!
You die...
Your body crumbles into a pile of gold.

.#...#.......$#$##.#
##.#
...........o$.#.##.. .
o.._........###.# #..
.........#.## #.# ##.
#...#...#.####.#####
##. #.$$...)<.......
.........#D§.###.#####
........####§.##.#
........# ##@.#
..###..## ##....... .
.... ....... .....
#...... y...# ......
######


There were no monsters in sight!

Levels and vault maps discovered:
D:1:      lightli_arrival_quake, layout_basic, minmay_misc_feat_ornament,
          st_stairs_7
D:2:      layout_loops_cross, elyvilon_altar_4, overflow_temple_1_default,
          minmay_misc_feat_roman
D:3:      layout_loops_cross, first_ration, kennysheep_boxes, uniq_sigmund
D:4:      layout_basic, dk_rats_in_the_wall, uniq_pikel, uniq_duvessa,
          uniq_menkaure
D:5:      layout_loops_ring, basic_altar, serial_bayou_lagoon_a, minivault_24
D:6:      layout_basic, zin_statuary, minmay_temple_entry_gardened_gates,
          xom_teletrap_fun
D:7:      layout_rooms, lemuel_doored_altar
D:8:      layout_rooms, okawaru_gym_becter, minmay_lair_entry_grove,
          enter_ossuary_2, uniq_grum, uniq_maurice

Notes
Turn   | Place    | Note
-------+----------+-------------------------------------------
     0 | D:1      | lepoulpe303 the Spriggan Earth Elementalist began the quest
                  | for the Orb.
     0 | D:1      | Reached XP level 1. HP: 9/9 MP: 5/5
   137 | D:1      | Identified a +0 club
   150 | D:1      | Identified a +0 short sword
   156 | D:1      | Reached skill level 3 in Spellcasting
   164 | D:1      | Identified a +0 club
   174 | D:1      | Reached XP level 2. HP: 13/13 MP: 7/7
   187 | D:1      | Identified a +0 club
   198 | D:1      | Identified a +0 club
   452 | D:1      | Reached skill level 3 in Earth Magic
   553 | D:1      | Identified a +0 short sword
  1063 | D:1      | Identified a +0 cloak (You found it on level 1 of the
                  | Dungeon)
  1136 | D:2      | HP: 3/13 [worm (10)]
  1326 | D:2      | HP: 3/13 [ooze (3)]
  1328 | D:2      | Reached XP level 3. HP: 3/16 MP: 6/8
  1573 | D:2      | Learned a level 2 spell: Passwall
  1577 | D:2      | Learned a level 3 spell: Stone Arrow
  1595 | D:2      | Identified a +0 dagger
  1755 | D:2      | Found a stormy altar of Qazlal.
  1879 | D:2      | Found a white marble altar of Elyvilon.
  2284 | D:2      | Identified a +0 club
  2494 | D:2      | Identified 3 scrolls of remove curse
  2495 | D:2      | Identified a ring of resist corrosion (You found it on
                  | level 1 of the Dungeon)
  2496 | D:2      | Identified a ring of ice (You found it on level 2 of the
                  | Dungeon)
  2497 | D:2      | Identified 5 scrolls of teleportation
  2525 | D:3      | Identified a +0 scythe
  2525 | D:3      | Identified a +0 robe
  2525 | D:3      | Noticed Sigmund
  2540 | D:3      | Killed Sigmund
  2540 | D:3      | Reached skill level 1 in Short Blades
  2540 | D:3      | Reached skill level 4 in Dodging
  2540 | D:3      | Reached skill level 4 in Stealth
  2540 | D:3      | Reached skill level 4 in Spellcasting
  2540 | D:3      | Reached XP level 4. HP: 21/21 MP: 4/11
  2540 | D:3      | Reached XP level 5. HP: 24/24 MP: 4/12
  2548 | D:3      | Learned a level 4 spell: Petrify
  2605 | D:3      | Identified a +0 dagger
  2625 | D:3      | Identified a +0 short sword
  2772 | D:3      | Identified a +0 short sword
  2898 | D:3      | Identified a +0 club
  2966 | D:3      | Identified a +0 club
  2966 | D:3      | Identified a +0 hunting sling
  3243 | D:3      | Identified a +0 club
  3671 | D:4      | Reached skill level 2 in Short Blades
  3671 | D:4      | Reached skill level 4 in Earth Magic
  3671 | D:4      | Reached XP level 6. HP: 28/28 MP: 14/14
  3681 | D:4      | Noticed Menkaure
  3772 | D:4      | Killed Menkaure
  3772 | D:4      | Reached skill level 5 in Stealth
  3772 | D:4      | Reached skill level 5 in Spellcasting
  3964 | D:4      | Identified a +0 dagger
  3964 | D:4      | Identified a +0 robe
  3964 | D:4      | Noticed Dowan
  4204 | D:4      | Noticed a slave
  4442 | D:4      | Identified a +0 giant club
  4446 | D:4      | Reached skill level 5 in Dodging
  4446 | D:4      | Reached XP level 7. HP: 32/32 MP: 8/16
  4749 | D:4      | Identified a +0 whip of freezing
  4749 | D:4      | Identified a +0 robe
  4749 | D:4      | Noticed Pikel
  4811 | D:4      | Paralysed by Pikel for 3 turns
  4823 | D:4      | Killed Pikel
  4823 | D:4      | Reached skill level 3 in Short Blades
  4823 | D:4      | Reached skill level 6 in Stealth
  4823 | D:4      | Reached skill level 6 in Spellcasting
  4823 | D:4      | Reached skill level 5 in Earth Magic
  4823 | D:4      | Reached XP level 8. HP: 36/36 MP: 5/18
  5004 | D:4      | Identified a +0 rapier
  5004 | D:4      | Identified a +0 ring mail
  5004 | D:4      | Noticed Duvessa
  5029 | D:4      | Killed Dowan
  5094 | D:4      | Killed Duvessa
  5094 | D:4      | Reached skill level 6 in Dodging
  5249 | D:5      | Entered Level 5 of the Dungeon
  5249 | D:5      | Identified a +0 dagger
  5249 | D:5      | Identified a +0 robe
  5249 | D:5      | Identified a +0 club
  5249 | D:5      | Identified a +0 leather armour
  5250 | D:5      | Identified a +0 whip
  5250 | D:5      | Identified a cursed +0 ring mail
  5547 | D:5      | Found an opulent altar of Gozag.
  5670 | D:5      | Learned a level 3 spell: Mephitic Cloud
  5676 | D:5      | Learned a level 5 spell: Lee's Rapid Deconstruction
  5689 | D:5      | Reached skill level 7 in Spellcasting
  5945 | D:5      | Reached skill level 1 in Poison Magic
  5962 | D:5      | Identified a +0 shortbow
  6171 | D:5      | Became a worshipper of Gozag Ym Sagoz the Greedy
  6223 | D:6      | Identified a scarf of invisibility (You found it on level 6
                  | of the Dungeon)
  6232 | D:6      | Found a glowing silver altar of Zin.
  6253 | D:6      | Found a staircase to the Ecumenical Temple.
  6269 | D:6      | Reached skill level 4 in Short Blades
  6269 | D:6      | Reached skill level 1 in Evocations
  6359 | D:6      | Reached skill level 7 in Stealth
  6359 | D:6      | Reached skill level 2 in Poison Magic
  6414 | D:6      | Identified a +0 hand axe
  6425 | D:6      | Got a crude robe
  6436 | D:6      | Identified the cursed +0 robe of Gozag's Displeasure {rN+
                  | Stlth+} (You found it on level 6 of the Dungeon)
  6530 | D:6      | Identified a +0 shortbow
  6538 | D:6      | Reached skill level 6 in Earth Magic
  6538 | D:6      | Reached skill level 2 in Evocations
  6592 | D:6      | Found a shimmering altar of Xom.
  6632 | D:6      | Identified a +0 halberd
  6633 | D:6      | Identified a +0 club
  7015 | D:7      | Identified a +0 halberd
  7015 | D:7      | Identified a cursed +0 chain mail
  7015 | D:7      | Identified a +0 war axe
  7019 | D:7      | Reached XP level 9. HP: 39/39 MP: 21/21
  7042 | D:7      | Identified a ring of flight (You found it on level 7 of the
                  | Dungeon)
  7072 | D:7      | Identified a +0 flail
  7072 | D:7      | Identified a +0 leather armour
  7073 | D:7      | Identified a +0 flail
  7073 | D:7      | Identified a +0 hand axe
  7074 | D:7      | Identified a +0 dagger
  7074 | D:7      | Identified a +0 robe
  7091 | D:7      | Identified a +0 flail
  7091 | D:7      | Identified a +3 ring mail
  7199 | D:7      | Identified a +0 dagger
  7199 | D:7      | Identified a +0 robe
  7200 | D:7      | Identified a +0 dagger
  7200 | D:7      | Identified a +0 robe
  7201 | D:7      | Identified a +0 dagger
  7201 | D:7      | Identified a +0 robe
  7203 | D:7      | Identified a +0 ring mail
  7203 | D:7      | Identified a +0 dagger
  7203 | D:7      | Identified a +0 robe
  7365 | D:7      | Identified a +0 giant spiked club
  7380 | D:7      | Reached skill level 3 in Evocations
  7451 | D:7      | Found a glowing golden altar of the Shining One.
  7490 | D:7      | Reached skill level 8 in Spellcasting
  7712 | D:7      | Found the +8 longbow "Zephyr" {speed, Dex+3 SInv}
  7800 | D:7      | Learned a level 2 spell: Shroud of Golubria
  7824 | D:8      | Identified a +0 dagger of venom
  7824 | D:8      | Identified a +1 cloak of preservation
  7824 | D:8      | Noticed Maurice
  7824 | D:8      | Identified a cursed -2 giant club
  7831 | D:7      | Killed Maurice
  7831 | D:7      | Reached skill level 7 in Dodging
  7831 | D:7      | Reached skill level 1 in Charms
  7831 | D:7      | Reached skill level 3 in Poison Magic
  7841 | D:7      | HP: 9/39 [poisoned by Maurice]
  7849 | D:7      | HP: 8/39 [poisoned by Maurice]
  8111 | D:8      | Identified 6 scrolls of identify
  8111 | D:8      | Identified 3 potions of berserk rage
  8112 | D:8      | Identified 3 potions of ambrosia
  8113 | D:8      | Identified 2 potions of heal wounds
  8114 | D:8      | Identified 2 potions of might
  8115 | D:8      | Identified 4 scrolls of amnesia
  8116 | D:8      | Identified 3 scrolls of immolation
  8121 | D:8      | Identified a +0 shortbow
  8138 | D:8      | Reached skill level 2 in Charms
  8176 | D:8      | Reached skill level 4 in Evocations
  8207 | D:8      | Identified a +0 club
  8207 | D:8      | Identified a +0 leather armour
  8210 | D:8      | Identified a +2 dagger of pain
  8212 | D:8      | Identified a +0 flail
  8212 | D:8      | Identified a +0 ring mail
  8223 | D:8      | Identified a +0 hand axe
  8223 | D:8      | Identified a +0 leather armour
  8223 | D:8      | Identified a +0 war axe
  8223 | D:8      | Identified a cursed +0 scale mail
  8241 | D:8      | Found an iron altar of Okawaru.
  8250 | D:8      | Identified a +0 giant club
  8261 | D:8      | Identified a +0 flail
  8263 | D:8      | Identified a +0 dagger
  8263 | D:8      | Identified a +0 robe
  8276 | D:8      | Reached skill level 8 in Stealth
  8276 | D:8      | Identified a +0 hand axe
  8276 | D:8      | Identified a +0 plate armour
  8285 | D:8      | Reached skill level 3 in Charms
  8310 | D:8      | HP: 6/39 [steam dragon] (15)]
  8311 | D:8      | Identified 2 scrolls of enchant weapon
  8317 | D:8      | Killed from afar by a steam dragon

Table legend:
 A = Turns spent in this place as a percentage of turns spent in the entire game.
 B = Non-inter-level travel turns spent in this place as a percentage of non-inter-level travel turns spent in the entire game.
 C = Inter-level travel turns spent in this place as a percentage of turns spent in this place.
 D = Turns resting spent in this place as a percentage of non-inter-level travel turns spent in this place.
 E = Turns spent auto-exploring this place as a percentage of non-inter-level travel turns spent in this place.
 F = Non-inter-level travel turns spent in this place divided by the number of levels of this place that you've seen.
                   A       B       C       D       E      F
               +-------+-------+-------+-------+-------+----------------------
         Total | 100.0 | 100.0 |   3.2 |  17.4 |  62.4 | 1006.5
       Dungeon | 100.0 | 100.0 |   3.2 |  17.4 |  62.4 | 1006.5
               +-------+-------+-------+-------+-------+----------------------

Table legend:
 A = Kills in this place as a percentage of kills in entire the game.
 B = Kills by you in this place as a percentage of kills by you in the entire game.
 C = Kills by friends in this place as a percentage of kills by friends in the entire game.
 D = Other kills in this place as a percentage of other kills in the entire game.
 E = Experience gained in this place as a percentage of experience gained in the entire game.
 F = Experience gained in this place divided by the number of levels of this place that you have seen.
                   A       B       C       D       E      F
               +-------+-------+-------+-------+-------+----------------------
         Total | 100.0 | 100.0 |   N/A |   N/A | 100.0 | 592.8
       Dungeon | 100.0 | 100.0 |   N/A |   N/A | 100.0 | 592.8
               +-------+-------+-------+-------+-------+----------------------

Skill      XL: |  1  2  3  4  5  6  7  8  9 |
---------------+----------------------------+-----
Spellcasting   | 3 4 5 6 7 8 |  8.5
Earth Magic    | 3 4 5 6 |  6.6
Short Blades   | 1 2 3 4 |  4.7
Dodging        | 4 5 6 7 |  7.3
Stealth        | 4 5 6 7 8 |  8.0
Poison Magic   | 2 3 |  3.7
Evocations     | 2 4 |  4.5
Charms         | 3 |  3.1
Transmutations | |  1.3

Action                   |  1- 3 |  4- 6 |  7- 9 || total
-------------------------+-------+-------+-------++-------
Melee: Short sword       |    82 |    78 |    65 ||   225
       Rapier            |       |       |    43 ||    43
       Dagger            |       |       |    23 ||    23
Throw: Stone             |     1 |       |       ||     1
       Dart              |       |       |    14 ||    14
 Cast: Sandblast         |    27 |    33 |    87 ||   147
       Stone Arrow       |       |     1 |    16 ||    17
       Shroud of Golubri |       |       |     1 ||     1
Evoke: Wand              |       |       |     1 ||     1
  Use: Scroll            |     2 |       |     7 ||     9
 Stab: Sleeping          |     9 |     9 |    14 ||    32
  Eat: Ration            |       |     1 |     2 ||     3
Armor: Robe              |     5 |     5 |     9 ||    19
Dodge: Dodged            |    45 |    81 |   135 ||   261

Vanquished Creatures
  Pikel (D:4)
  Maurice (D:7)
  Sigmund (D:3)
  Menkaure (D:4)
  Duvessa (D:4)
  2 ice beasts
  A phantom (D:6)
  2 orc warriors
  A black bear (D:8)
  2 slaves (D:4)
  A sky beast (D:5)
  4 ogres
  3 centaurs
  Dowan (D:4)
  4 killer bees (D:8)
  A crimson imp (D:5)
  A bullfrog zombie (D:5)
  A centaur skeleton (D:5)
  A hound (D:6)
  2 orc priests
  3 bullfrog skeletons
  6 orc wizards
  An iguana (D:6)
  2 worker ants (D:4)
  A hound zombie (D:6)
  4 gnolls (D:6)
  7 adders
  2 oozes
  4 worms (D:2)
  A dart slug (D:1)
  3 leopard geckos
  17 orcs
  7 bats
  5 giant cockroaches
  8 goblins
  4 hobgoblins
  3 jackals (D:8)
  6 kobolds
  5 quokkas
  8 frilled lizards
  17 rats
146 creatures vanquished.
